 Dungeon Crawl Stone Soup version 0.29-a0-284-gf9362112df (webtiles) character file.

Game seed: 1391717057558440790

48 spaghetti the Firebug (level 3, -3/21 HPs)
             Began as an Octopode Fire Elementalist on Mar 29, 2022.
             Was a Follower of Makhleb.
             Slain by an orc
             ... wielding a +0 trident
              (9 damage)
             ... on level 2 of the Dungeon.
             The game lasted 00:02:52 (1935 turns).

spaghetti the Firebug (Octopode Fire Elementalist)  Turns: 1935, Time: 00:02:53

Health: -3/21      AC:  1    Str:  7    XL:     3   Next: 72%
Magic:  0/7        EV: 13    Int: 19    God:    Makhleb [*.....]
Gold:   81         SH:  0    Dex: 12    Spells: 6/7 levels left

rFire   . . .      SeeInvis .   (no weapon)
rCold   . . .      Faith    .   (no shield)
rNeg    . . .      Spirit   .   (helmet restricted)
rPois   .          Reflect  .   (no amulet)
rElec   .          Harm     .   (no ring)
rCorr   .          Rampage  .   (no ring)
Will    .....                   (no ring)
Stlth   +++.......              (no ring)
HPRegen 0.07/turn               (no ring)
MPRegen 0.10/turn               (no ring)
                                (no ring)
                                (no ring)

@: very slightly contaminated
A: almost no armour, amphibious, 8 rings, camouflage 1, gelatinous body 1,
(nimble swimmer 1), tentacles
a: Renounce Religion


You were on level 2 of the Dungeon.
You worshipped Makhleb.
Makhleb was aware of your devotion.
You visited 1 branch of the dungeon, and saw 2 of its levels.

You collected 81 gold pieces.


Innate Abilities, Weirdness & Mutations

You cannot wear most types of armour.
You are amphibious.
You can wear up to eight rings at the same time.
Your skin changes colour to match your surroundings (Stealth+).
Your rubbery body absorbs attacks. (AC +1, EV +1)
((You are camouflaged when in or above water. (Stealth+)))
You have tentacles for arms and can constrict up to eight enemies at once.


   Skills:
 - Level 2.0 Dodging
 - Level 2.6 Stealth
 + Level 2.8 Spellcasting
 - Level 1.0 Conjurations
 + Level 3.8 Fire Magic
 + Level 1.0 Invocations


You had 6 spell levels left.
You knew the following spells:

 Your Spells              Type           Power      Damage    Failure   Level
a - Foxfire               Conj/Fire      44%        2x1d6     6%          1

Your spell library contained the following spells:

 Spells                   Type           Power      Damage    Failure   Level
 Scorch                   Fire           34%        2d7       4%          2
 Conjure Flame            Conj/Fire      11%        6-21      17%         3
 Inner Flame              Hex/Fire       9%         N/A       22%         3
 Flame Wave               Conj/Fire      11%        2d5       50%         4

Inventory:

Hand Weapons
 b - a +0 dagger {short}
   (You took it off a kobold on level 1 of the Dungeon)
 f - a +0 short sword {short}
   (You took it off a kobold on level 1 of the Dungeon)
 g - a +0 spear {polearm}
   (You took it off a gnoll on level 1 of the Dungeon)
 h - a +0 dagger {short}
   (You took it off a kobold on level 1 of the Dungeon)
 j - a +0 club {mace}
   (You took it off a kobold on level 1 of the Dungeon)
 m - a +0 club {mace}
   (You found it on level 1 of the Dungeon)
 n - a +0 short sword {short}
   (You took it off a kobold on level 1 of the Dungeon)
 p - a +0 short sword {short}
   (You took it off a kobold on level 1 of the Dungeon)
 q - a +0 club {mace}
   (You took it off a goblin on level 1 of the Dungeon)
 r - a +0 dagger {short}
   (You found it on level 1 of the Dungeon)
 s - a +0 club {mace}
   (You took it off a kobold on level 1 of the Dungeon)
 u - a +0 dagger {short}
   (You took it off a kobold on level 2 of the Dungeon)
 v - a +0 club {mace}
   (You took it off a kobold on level 2 of the Dungeon)
 w - a +0 spear {polearm}
   (You found it on level 2 of the Dungeon)
 x - a +0 club {mace}
   (You took it off a goblin on level 2 of the Dungeon)
 y - a +0 club {mace}
   (You took it off a goblin on level 2 of the Dungeon)
 z - a +0 dagger {short}
   (You found it on level 2 of the Dungeon)
Missiles
 c - 44 stones {throwing}
Magical Staves
 t - a staff of death {!astaff}
   (You found it on level 1 of the Dungeon)
Scrolls
 e - a scroll of magic mapping {unknown}
 k - 2 scrolls of fog {unknown}
 o - 3 scrolls of teleportation {unknown}
Potions
 a - a potion of magic
 d - a potion of flight {unknown}
 i - 2 potions of curing {unknown}
 l - a potion of berserk rage {unknown}

Dungeon Overview and Level Annotations

Branches:
Dungeon (2/15)

Altars:
Makhleb

#.......### #.........
#........ #.......###
#...>...'. #...o...#
#...oo..# #..o@...#
####'#### #.#
##########'## #.#
#...........# #.#
#...........########.#
#...........+.....##.#
#...........#####.##.#
#...........#####.##.#


You could see an orc wizard and 3 orcs.


Message History

😎 MP[-1]
You lost 1 mp, and now have 4/7 mp.
You conjure some foxfire!
The foxfire hits the quokka. x2
You kill the quokka!
Makhleb accepts your kill. 😎 MP[-1]
You lost 1 mp, and now have 3/7 mp.
You conjure some foxfire! 😎 MP[-1]
You lost 1 mp, and now have 2/7 mp.
You see here a rat corpse.
Key pressed, stopping explore.
z - a +0 dagger {short} Key pressed, stopping explore.
There is an open door here.
Key pressed, stopping explore.
Found a stone staircase leading down. 😎 MP[+5]
Your mp is fully restored (7).
An orc wizard comes into view. It is wielding a +0 dagger.
There is an open door here.
An orc wizard is nearby!
An orc wizard is nearby!
An orc comes into view. It is wielding a +0 flail.
The orc wizard shouts!
You hear a shout!
An orc comes into view.
It is wielding a +0 short sword and quivering boomerangs of dispersal.
An orc comes into view. It is wielding a +0 trident.
The orc moves out of view.
There is an open door here.
You conjure some foxfire!
The orc shouts!
The orc wizard hits you with a +0 dagger. 😕 HP[-1] MP[-1]
You take 1 damage, and now have 20/21 hp.
You lost 1 mp, and now have 6/7 mp.
You conjure some foxfire!
The foxfire hits the orc wizard but does no damage. x2
The orc wizard hits you with a +0 dagger. 😕 HP[-3] MP[-1]
You take 3 damage, and now have 17/21 hp.
You lost 1 mp, and now have 5/7 mp.
You are too injured to fight recklessly!
You are too injured to fight recklessly!
You are too injured to fight recklessly!
Unknown command.
You are too injured to fight recklessly!
Casting: Foxfire (safe; 6% risk of failure)
Press: ? - help, Q - select action, (/) - cycle Dir - look around, f - activate You conjure some foxfire!
The foxfire hits the orc wizard but does no damage.
The foxfire hits the orc wizard.
The orc wizard casts a spell at you.
You resist with significant effort. 😕 MP[-1]
You lost 1 mp, and now have 4/7 mp.
Casting: Foxfire (safe; 6% risk of failure)
Press: ? - help, Q - select action, (/) - cycle Dir - look around, f - activate You miscast Foxfire.
You are very lightly contaminated with residual magic.
Nothing appears to happen.
The foxfire hits the orc.
The foxfire hits the orc wizard.
The orc closely misses you. 😕 MP[-1]
You lost 1 mp, and now have 3/7 mp.
Casting: Foxfire (safe; 6% risk of failure)
Press: ? - help, Q - select action, (/) - cycle Dir - look around, f - activate You conjure some foxfire!
The orc wizard hits you with a +0 dagger.
The orc barely misses you.
The foxfire hits the orc but does no damage. 😮 HP[-3] MP[-1]
You take 3 damage, and now have 14/21 hp.
You lost 1 mp, and now have 2/7 mp.
Casting: Foxfire (safe; 6% risk of failure)
Press: ? - help, Q - select action, (/) - cycle Dir - look around, f - activate You conjure some foxfire!
The foxfire hits the orc but does no damage.
The orc wizard hits you with a +0 dagger.
The orc closely misses you. 😮 HP[-3] MP[-1]
You take 3 damage, and now have 11/21 hp.
You lost 1 mp, and now have 1/7 mp.
Casting: Foxfire (safe; 6% risk of failure)
Press: ? - help, Q - select action, (/) - cycle Dir - look around, f - activate You miscast Foxfire.
Nothing appears to happen.
The foxfire hits the orc but does no damage. x2
The orc wizard barely misses you. The orc closely misses you. x2 😮 MP[-1]
You lost 1 mp, and now have 0/7 mp.
You don't have enough magic to cast this spell.
Unknown command.
You tentacle-slap the orc wizard but do no damage.
Your grab misses the orc wizard.
The orc wizard hits you with a +0 dagger.
* * * LOW HITPOINT WARNING * * *
The orc hits you with a +0 short sword.
* * * LOW HITPOINT WARNING * * *
The orc hits you from afar with a +0 trident!
You die...

Skill      XL: |  1  2  3 |
---------------+----------+-----
Invocations    | 1 |  1.0
Dodging        | |  2.0
Stealth        | |  2.6
Spellcasting   | |  2.8
Conjurations   | |  1.0
Fire Magic     | |  3.8

Action                   || total
-------------------------++-------
Melee: Unarmed           ||    13
       Constrict         ||     3
       Tentacles         ||     3
 Cast: Foxfire           ||   100
Armor: Skin              ||     3
Dodge: Dodged            ||    23

Levels and vault maps discovered:
D:1:      zelgadis_glass_arrival_small, layout_rooms,
          shapermc_ecumenical_altar_mp_vishouse, columned_hall_lemuel,
          kennysheep_boxes
D:2:      layout_basic, basic_altar, uniq_sigmund, uniq_robin

Notes
Turn   | Place    | Note
-------+----------+-------------------------------------------
     0 | D:1      | spaghetti the Octopode Fire Elementalist began the quest
                  | for the Orb.
     0 | D:1      | Reached XP level 1. HP: 11/11 MP: 3/3
     0 | D:1      | magus.rc [v1.9.6]
   134 | D:1      | Reached XP level 2. HP: 17/17 MP: 0/5
   706 | D:1      | Found a faded altar of an unknown god.
   736 | D:1      | Prayed at the altar of an unknown god.
   736 | D:1      | Became a worshipper of Makhleb the Destroyer
   736 | D:1      | Reached * piety under Makhleb
   808 | D:1      | Reached XP level 3. HP: 21/21 MP: 1/6
  1804 | D:2      | Reached skill level 1 in Invocations
  1935 | D:2      | Slain by an orc

Vanquished Creatures
  A gnoll (D:1)
  2 bats
  3 endoplasms (D:1)
  4 giant cockroaches
  3 goblins
  3 hobgoblins
  2 quokkas
  A ball python (D:1)
  5 frilled lizards
  9 kobolds
  4 rats
37 creatures vanquished.

Vanquished Creatures (others)
  156 foxfires
156 creatures vanquished.

Grand Total: 193 creatures vanquished

Table legend:
 A = Non-vault XP
 B = Vault XP
 C = Vault XP percentage of total XP
 D = Non-vault monster count
 E = Vault monster count
 F = Vault count percentage of total count
                 A         B        C        D         E       F
            +---------+---------+-------+---------+---------+-------
      Total |      69 |       0 |   0.0 |      37 |       0 |   0.0
            +---------+---------+-------+---------+---------+-------
        D:1 |      48 |       0 |   0.0 |      23 |       0 |   0.0
        D:2 |      21 |       0 |   0.0 |      14 |       0 |   0.0
            +---------+---------+-------+---------+---------+-------

Illustrated notes

Table legend:
 A = Kills in this place as a percentage of kills in entire the game.
 B = Kills by you in this place as a percentage of kills by you in the entire game.
 C = Kills by friends in this place as a percentage of kills by friends in the entire game.
 D = Other kills in this place as a percentage of other kills in the entire game.
 E = Experience gained in this place as a percentage of experience gained in the entire game.
 F = Experience gained in this place divided by the number of levels of this place that you have seen.
                   A       B       C       D       E      F
               +-------+-------+-------+-------+-------+----------------------
         Total | 100.0 | 100.0 |   N/A |   N/A | 100.0 |  34.5
       Dungeon | 100.0 | 100.0 |   N/A |   N/A | 100.0 |  34.5
               +-------+-------+-------+-------+-------+----------------------

Table legend: (Time is in decaauts)
 A = Elapsed time spent in this place.
 B = Non-inter-level travel time spent in this place.
 C = Inter-level travel time spent in this place.
 D = Time resting spent in this place.
 E = Time spent auto-exploring this place.
 F = Levels seen in this place.
 G = Mean time per level.
                   A        B        C        D        E       F      G
               +--------+--------+--------+--------+--------+-----+--------+
         Total |   1934 |   1905 |     29 |      0 |   1650 |   2 |  967.0 |
       Dungeon |   1934 |   1905 |     29 |      0 |   1650 |   2 |  967.0 |
               +--------+--------+--------+--------+--------+-----+--------+

Top non-repeatable levels by time:
     D:1: 1429 daAuts
     D:2: 505 daAuts
